 Dungeon Crawl Stone Soup version 0.27-a0-1612-gde56a17b89 (webtiles) character file.

Game seed: 16373417928619198762

18 pokeman the Magician (level 2, -2/16 HPs)
             Began as a Deep Elf Hedge Wizard on July 21, 2021.
             Slain by a worm (8 damage)
             ... on level 2 of the Dungeon.
             The game lasted 00:02:19 (1229 turns).

pokeman the Magician (Deep Elf Hedge Wizard)        Turns: 1229, Time: 00:02:20

Health: -2/16      AC:  4    Str:  7    XL:     2   Next: 51%
Magic:  0/9        EV: 11    Int: 18    God:
Gold:   67         SH:  0    Dex: 14    Spells: 9/10 levels left

rFire    . . .     SeeInvis .   a - +0 dagger
rCold    . . .     Faith    .   (no shield)
rNeg     . . .     Spirit   .   g - +0 leather armour
rPois    .         Reflect  .   c - +0 hat
rElec    .         Harm     .   b - +0 cloak
rCorr    .         Rampage  .   (no gloves)
Will     .....                  (no boots)
Stlth    ++........             (no amulet)
HPRegen  0.05/turn              (no ring)
MPRegen  0.11/turn              (no ring)

@: very slightly contaminated
A: no striking features
a: no special abilities


You were on level 2 of the Dungeon.
You visited 1 branch of the dungeon, and saw 2 of its levels.

You collected 67 gold pieces.

Inventory:

Hand Weapons
 a - a +0 dagger (weapon)
Missiles
 h - 54 arrows
Armour
 b - a +0 cloak (worn)
 c - a +0 hat (worn)
 g - a +0 leather armour (worn)
Scrolls
 d - 2 scrolls of identify {unknown}
 e - a scroll of fog {unknown}
 f - a scroll of blinking {unknown}
Potions
 i - a potion of curing {unknown}
 j - a potion of berserk rage {unknown}


   Skills:
 + Level 0.5 Fighting
 + Level 0.5 Armour
 - Level 2.4 Dodging
 - Level 2.4 Stealth
 * Level 4.9 Spellcasting
 + Level 1.5 Conjurations
 - Level 1.1 Summonings
 - Level 1.1 Translocations


You had 9 spell levels left.
You knew the following spells:

 Your Spells              Type           Power      Damage    Failure   Level
a - Magic Dart            Conj           40%        1d5       11%         1

Your spell library contained the following spells:

 Spells                   Type           Power      Damage    Failure   Level
 Blink                    Tloc           N/A        N/A       19%         2
 Call Imp                 Summ           8%         N/A       19%         2
 Slow                     Hex            4%         N/A       30%         2
 Conjure Flame            Conj/Fire      7%         6-21      38%         3
 Dazzling Flash           Conj/Hex       14%        N/A       38%         3
 Mephitic Cloud           Conj/Pois/Air  6%         N/A       43%         3
 Iskenderun's Mystic Bla  Conj/Tloc      9%         2d4       75%         4
 Starburst                Conj/Fire      3%         8x6d3     100%        6
 Malign Gateway           Summ/Tloc      4%         N/A       100%        7
 Summon Horrible Things   Summ           4%         N/A       100%        8


Dungeon Overview and Level Annotations

Branches:
Dungeon (2/15)

Altars:


Message History

Aim: a worm (heavily wounded, 100% to hit)
The magic dart hits the worm.
The worm is heavily wounded.
The worm bites you!
Ouch! That really hurt!
Casting: Magic Dart (safe; 11% risk of failure)
Confirm with . or Enter, or press ? or * to list all spells.
Aiming: Magic Dart (safe; 11% risk of failure)
Press: ? - help, Shift-Dir - straight line, f/p - worm
Aim: a worm (heavily wounded, 100% to hit)
Okay, then.
Unknown command.
Casting: Magic Dart (safe; 11% risk of failure)
Confirm with . or Enter, or press ? or * to list all spells.
Aiming: Magic Dart (safe; 11% risk of failure)
Press: ? - help, Shift-Dir - straight line, f/p - worm
Aim: a worm (moderately wounded, 100% to hit)
The magic dart hits the worm.
The worm is heavily wounded.
Casting: Magic Dart (safe; 11% risk of failure)
Confirm with . or Enter, or press ? or * to list all spells.
Aiming: Magic Dart (safe; 11% risk of failure)
Press: ? - help, Shift-Dir - straight line, f/p - worm
Aim: a worm (heavily wounded, 100% to hit)
The magic dart hits the worm.
The worm is severely wounded.
Casting: Magic Dart (safe; 11% risk of failure)
Confirm with . or Enter, or press ? or * to list all spells.
Aiming: Magic Dart (safe; 11% risk of failure)
Press: ? - help, Shift-Dir - straight line, f/p - worm
Aim: a worm (severely wounded, 100% to hit)
The magic dart hits the worm.
The worm is almost dead.
Casting: Magic Dart (safe; 11% risk of failure)
Confirm with . or Enter, or press ? or * to list all spells.
You don't have enough magic to cast this spell.
Unknown command.
The worm bites you!
Ouch! That really hurt!
You die...

+.........##.##...# .
#.........##.##...# .
######.........##.##...#
...............##.##...#
........######.##.##.(.#
........# .##.###.##
........# .#
........#####
..........@.#
...########w# ... #.# ##
#.# #.# #.......#
#########


You could see a worm.

Vanquished Creatures
  A worm (D:2)
  3 endoplasms
  3 giant cockroaches
  A hobgoblin (D:2)
  2 ball pythons (D:1)
  2 bats
  2 kobolds (D:1)
14 creatures vanquished.

Notes
Turn   | Place    | Note
-------+----------+-------------------------------------------
     0 | D:1      | pokeman the Deep Elf Hedge Wizard began the quest for the
                  | Orb.
     0 | D:1      | Reached XP level 1. HP: 10/10 MP: 7/7
   556 | D:1      | Reached XP level 2. HP: 15/15 MP: 2/9
  1229 | D:2      | Slain by a worm

Illustrated notes

Levels and vault maps discovered:
D:1:      lemuel_arrival_room, layout_rooms, minivault_26
D:2:      layout_basic, chequers_ecumenical_altar_grove,
          kennysheep_generic_room_11

Action                   || total
-------------------------++-------
Melee: Dagger            ||    13
 Cast: Magic Dart        ||    55
Armor: Leather armour    ||     6
Dodge: Dodged            ||    20

Table legend: (Time is in decaauts)
 A = Elapsed time spent in this place.
 B = Non-inter-level travel time spent in this place.
 C = Inter-level travel time spent in this place.
 D = Time resting spent in this place.
 E = Time spent auto-exploring this place.
 F = Levels seen in this place.
 G = Mean time per level.
                   A        B        C        D        E       F      G
               +--------+--------+--------+--------+--------+-----+--------+
         Total |   1228 |   1198 |     30 |    119 |    921 |   2 |  614.0 |
       Dungeon |   1228 |   1198 |     30 |    119 |    921 |   2 |  614.0 |
               +--------+--------+--------+--------+--------+-----+--------+

Top non-repeatable levels by time:
     D:1: 824 daAuts
     D:2: 404 daAuts
